 Dungeon Crawl Stone Soup version 0.30-a0-824-g6c64550be9 (webtiles) character file.

Game seed: 1151778490021886898

112 sasquatch the Firebug (level 4, 0/30 HPs)
             Began as a Demonspawn Fire Elementalist on Feb 27, 2023.
             Slain by an orc
             ... wielding a +0 trident
              (4 damage)
             ... on level 3 of the Dungeon.
             The game lasted 00:04:41 (2240 turns).

sasquatch the Firebug (DsFE)                        Turns: 2240, Time: 00:04:41

Health: 0/30       AC:  2    Str:  8    XL:     4   Next: 63%
Magic:  7/7        EV: 12    Int: 18    God:
Gold:   182        SH:  0    Dex: 14    Spells: 2/8 levels left

rFire   . . .      SeeInvis .    p - staff of conjuration
rCold   + . .      Faith    .    (no shield)
rNeg    . . .      Spirit   .    a - +0 robe
rPois   .          Reflect  .    (no helmet)
rElec   .          Harm     .    (no cloak)
rCorr   .          Rampage  .    (no gloves)
Will    .....                    (no boots)
Stlth   ++                       h - amulet of the acrobat
HPRegen 0.25/turn                k - ring of protection from cold
MPRegen 0.10/turn                (no ring)

@: no status effects
A: claws 1
a: no special abilities


You were on level 3 of the Dungeon.
You visited 1 branch of the dungeon, and saw 3 of its levels.

You collected 182 gold pieces.

Inventory:

Armour
 a - a +0 robe (worn)
Magical Staves
 p - a staff of conjuration (weapon)
Jewellery
 h - an amulet of the acrobat (around neck)
 k - a ring of protection from cold (left claw)
 n - an amulet of regeneration
Scrolls
 j - a scroll of identify {unknown}
 l - 2 scrolls of vulnerability {unknown}
 m - a scroll of poison {unknown}
Potions
 c - 2 potions of ambrosia {unknown}
 d - a potion of invisibility {unknown}
 e - a potion of attraction {unknown}
 f - 2 potions of haste {unknown}
 g - 2 potions of might {unknown}
 i - 2 potions of heal wounds {unknown}
 o - a potion of curing {unknown}


   Skills:
 - Level 1.7 Dodging
 - Level 1.7 Stealth
 + Level 2.6 Spellcasting
 * Level 2.9 Conjurations
 * Level 3.7 Fire Magic


You had 2 spell levels left.
You knew the following spells:

 Your Spells              Type           Power      Damage    Failure   Level
a - Foxfire               Conj/Fire      84%        2x1d8     4%          1
b - Scorch                Fire           32%        2d6       5%          2
c - Kindle Blastsparks    Fire/Tloc/Air  12%        2d11      30%         3

Your spell library contained the following spells:

 Spells                   Type           Power      Damage    Failure   Level
 Inner Flame              Hex/Fire       9%         N/A       24%         3
 Flame Wave               Conj/Fire      21%        2d8       38%         4


Dungeon Overview and Level Annotations

Branches:
Dungeon (3/15)

Altars:

Annotations:
D:2 1 runed translucent door, Crazy Yiuf


Innate Abilities, Weirdness & Mutations

You have sharp fingernails.


Message History

The orc is heavily wounded.
The foxfire hits the orc.
The orc is severely wounded.
The orc hits you with a +0 dagger.
You hit the orc but do no damage.
The orc is severely wounded.
The orc closely misses you. The orc hits you with a +0 trident.
You barely miss the orc.
The orc is severely wounded.
The orc barely misses you. The orc hits you with a +0 dagger.
You closely miss the orc.
The orc is severely wounded.
The orc completely misses you. The orc hits you with a +0 dagger.
The orc closely misses you. The orc hits you with a +0 trident.
The orc attacks as you move away! The orc hits you with a +0 dagger.
A goblin comes into view. It is wielding a +0 dagger.
Found a mace.
The orc barely misses you. The orc barely misses you.
You hit the orc.
The orc is heavily wounded.
The orc misses you. The orc hits you with a +0 dagger.
You hit the orc.
The orc is severely wounded.
The goblin shouts!
The orc hits you but does no damage.
The orc hits you from afar with a +0 trident.
Casting: Foxfire (safe; 4% risk of failure)
Press: ? - help, Q - select action, (/) - cycle Dir - look around, f - activate You feel a surge of power!
You conjure some foxfire!
The orc hits you from afar with a +0 trident!
* * * LOW HITPOINT WARNING * * *
The orc closely misses you.
You hit the orc.
The orc is almost dead.
The orc hits you with a +0 dagger.
* * * LOW HITPOINT WARNING * * *
The orc closely misses you. Magic courses through your body.
The orc hits you from afar with a +0 trident.
You die...

#. ##..# .. ...##
#.##...# #......#
#.####.#.#######
.................
.#......#.#######
.########o..#
.)..g.v@o.#.#
.##########.##
#..## ##o.# ##.##
#)o# ##.####
#....## ####o.##


You could see 2 orcs and a goblin.

Vanquished Creatures
  An orc wizard (D:3)
  Terence (D:2)
  An adder (D:3)
  2 worms (D:2)
  2 orcs (D:3)
  3 bats
  6 endoplasms
  A giant cockroach (D:2)
  6 goblins
  3 hobgoblins
  3 kobolds
  4 quokkas
  7 ball pythons
  2 frilled lizards (D:1)
  4 rats (D:1)
46 creatures vanquished.

Vanquished Creatures (collateral kills)
  A foxfire (D:2)
1 creature vanquished.

Vanquished Creatures (others)
  172 foxfires
172 creatures vanquished.

Grand Total: 219 creatures vanquished

Notes
Turn   | Place    | Note
-------+----------+-------------------------------------------
     0 | D:1      | sasquatch the Demonspawn Fire Elementalist began the quest
                  | for the Orb.
     0 | D:1      | Reached XP level 1. HP: 13/13 MP: 3/3
   209 | D:1      | Gained mutation: You have sharp fingernails. [demonic
                  | ancestry]
   209 | D:1      | Reached XP level 2. HP: 16/19 MP: 0/5
   325 | D:1      | Reached skill level 3 in Fire Magic
   334 | D:1      | Learned a level 2 spell: Scorch
   406 | D:1      | You fall into a shaft and drop 1 floor!
   983 | D:1      | Reached XP level 3. HP: 24/24 MP: 3/6
  1099 | D:1      | Learned a level 3 spell: Kindle Blastsparks
  1654 | D:2      | Found a runed translucent door.
  1655 | D:2      | Noticed Crazy Yiuf
  1685 | D:2      | Noticed Terence
  1691 | D:2      | Killed Terence
  1692 | D:2      | Reached XP level 4. HP: 30/30 MP: 0/7
  2240 | D:3      | Slain by an orc

Illustrated notes

Levels and vault maps discovered:
D:1:      dpeg_arrival_rhombus, layout_rooms
D:2:      layout_basic, serial_glass, glass_columns_c, glass_columns_b,
          glass_columns_a, glass_columns_a, glass_columns_b,
          uniq_crazy_yiuf_cottage, uniq_terence
D:3:      layout_basic

Skill      XL: |  1  2 |
---------------+-------+-----
Fire Magic     | 3 |  3.7
Conjurations   | 2 |  2.9
Dodging        | |  1.7
Stealth        | |  1.7
Spellcasting   | |  2.6

Action                     |  1- 3 |  4- 6 || total
---------------------------+-------+-------++-------
  Melee: Unarmed           |     7 |       ||     7
         Staff             |       |     8 ||     8
   Cast: Foxfire           |    76 |    23 ||    99
         Scorch            |     1 |       ||     1
    Use: Potion            |       |     1 ||     1
 Armour: Robe              |     4 |     3 ||     7
  Dodge: Dodged            |    17 |    13 ||    30

Table legend: (Time is in decaauts)
 A = Elapsed time spent in this place.
 B = Non-inter-level travel time spent in this place.
 C = Inter-level travel time spent in this place.
 D = Time resting spent in this place.
 E = Time spent auto-exploring this place.
 F = Levels seen in this place.
 G = Mean time per level.
                   A        B        C        D        E       F      G
               +--------+--------+--------+--------+--------+-----+--------+
         Total |   2241 |   2163 |     78 |     77 |   1761 |   3 |  747.0 |
       Dungeon |   2241 |   2163 |     78 |     77 |   1761 |   3 |  747.0 |
               +--------+--------+--------+--------+--------+-----+--------+

Top non-repeatable levels by time:
     D:1: 1003 daAuts
     D:2: 969 daAuts
     D:3: 268 daAuts
